 Dungeon Crawl Stone Soup version 0.18.1-50-g88ac8fd (webtiles) character file.

255 magog001 the Shield-Bearer (level 5, -2/47 HPs)
             Began as a Minotaur Fighter on Feb 11, 2018.
             Was a Follower of Nemelex Xobeh.
             Slain by Grinder (3 damage)
             ... while paralysed by Grinder
             ... on level 3 of the Dungeon on Feb 12, 2018.
             The game lasted 00:14:30 (2930 turns).

magog001 the Shield-Bearer (Minotaur Fighter)       Turns: 2930, Time: 00:14:32

Health: -2/47      AC:  7    Str: 21    XL:     5   Next: 91%
Magic:  4/4        EV:  2    Int:  5    God:    Nemelex Xobeh [*.....]
Gold:   174        SH:  0    Dex: 10    Spells: 0 memorised, 4 levels left

rFire  . . .     SeeInvis .     a - +0 war axe
rCold  . . .     Gourm    .     b - +0 scale mail
rNeg   . . .     Faith    .     c - +0 shield
rPois  .         Spirit   .     (helmet restricted)
rElec  .         Dismiss  .     (no cloak)
rCorr  .         Reflect  .     (no gloves)
SustAt .         Harm     .     (no boots)
MR     .....                    (no amulet)
Stlth  ..........               (no ring)
                                (no ring)

@: paralysed, not resistant to hostile enchantments, extremely unstealthy
A: retaliatory headbutt, horns 2
a: Renounce Religion


You were on level 3 of the Dungeon.
You worshipped Nemelex Xobeh.
Nemelex Xobeh was aware of your devotion.
You were not hungry.

You visited 1 branch of the dungeon, and saw 3 of its levels.

You collected 174 gold pieces.

Inventory:

Hand Weapons
 a - a +0 war axe (weapon)
 o - a +0 hunting sling
Missiles
 e - 7 javelins (quivered)
 h - 3 poisoned needles
 l - 6 curare-tipped needles
 t - 24 sling bullets
Armour
 b - a +0 scale mail (worn)
 c - a +0 shield (worn)
Scrolls
 g - a scroll of identify {unknown}
 i - 4 scrolls of teleportation {unknown}
 q - 2 scrolls of noise {unknown}
 r - a scroll of enchant armour {unknown}
 v - a scroll of amnesia {unknown}
Potions
 d - 2 potions of might
 p - a potion of curing {unknown}
Miscellaneous
 m - a plain deck of war {drawn: 5}
 s - a plain deck of destruction {drawn: 3}
Comestibles
 f - 2 bread rations
 j - 4 fruits
 k - a slice of pizza
 n - a meat ration
 u - 2 chunks of flesh


   Skills:
 * Level 4.7 Fighting
 * Level 3.0 Axes
 + Level 0.4 Throwing
 * Level 5.0 Armour
 + Level 2.0 Dodging
 * Level 5.4 Shields
 + Level 0.3 Evocations


You had 4 spell levels left.
You didn't know any spells.

Dungeon Overview and Level Annotations

Branches:
Dungeon (3/15)

Altars:
Nemelex Xobeh

Annotations:
D:3 Grinder


Innate Abilities, Weirdness & Mutations

You reflexively headbutt those who attack you in melee.
You have a pair of horns on your head.


Message History

Evoke which item? (* to show all) (? for menu, Esc to quit)
You draw a card...
It is Vitriol.
You have drawn Vitriol.
Press: ? - help, Shift-Dir - straight line, f - Grinder
Aim: Grinder (moderately wounded)
The acid hits Grinder.
Grinder is moderately wounded.
Grinder hits you.
You writhe in agony.
* * * LOW HITPOINT WARNING * * *
Evoke which item? (* to show all) (? for menu, Esc to quit)
You draw a card...
It is the Elixir.
Grinder hits you!
* * * LOW HITPOINT WARNING * * *
You writhe in agony. x2
Grinder gestures at you.
You suddenly lose the ability to move!
Grinder hits you.
* * * LOW HITPOINT WARNING * * *
You writhe in agony.
You die...
Your body disappears without a glow.

.....# #........ ##.###
#.#####.# #.# #.# .# #.#
#.#####.#### #.#
#.##.......# #.#
#.##..>....# #.#
#######.##........
##.#####.................
................@........
#.######.####...5........
#.# #####........ #.#
#.##..... #.# #.# ###.
..# #.# ### #.. # ... ##
###


You could see Grinder.

Vanquished Creatures
  Ijyb (D:3)
  A worker ant (D:3)
  3 gnolls (D:3)
  2 adders (D:3)
  A worm (D:2)
  2 giant geckos
  7 bats
  2 giant cockroaches (D:1)
  8 goblins
  9 hobgoblins
  10 jackals
  8 kobolds
  4 quokkas
  9 giant newts
  7 rats
  7 plants (D:2)
81 creatures vanquished.

Vanquished Creatures (collateral kills)
  The ghost of nyan the Poker, an amateur MfGl of Pakellas (D:3)
1 creature vanquished.

Grand Total: 82 creatures vanquished

Notes
Turn   | Place    | Note
--------------------------------------------------------------
     0 | D:1      | magog001 the Minotaur Fighter began the quest for the Orb.
     0 | D:1      | Reached XP level 1. HP: 19/19 MP: 0/0
   152 | D:2      | Reached XP level 2. HP: 27/27 MP: 1/1
   633 | D:1      | Reached XP level 3. HP: 33/33 MP: 2/2
   760 | D:1      | Found a sparkling altar of Nemelex Xobeh.
   764 | D:1      | Became a worshipper of Nemelex Xobeh the Trickster
  1014 | D:2      | Received a gift from Nemelex Xobeh
  1302 | D:2      | Reached skill level 1 in Dodging
  1432 | D:2      | Received a gift from Nemelex Xobeh
  1543 | D:2      | Reached * piety under Nemelex Xobeh
  2116 | D:3      | Reached XP level 4. HP: 40/40 MP: 3/3
  2214 | D:3      | Noticed Ijyb
  2214 | D:3      | Noticed nyan's ghost (amateur MfGl)
  2237 | D:3      | Killed Ijyb
  2237 | D:3      | Reached skill level 5 in Shields
  2250 | D:3      | Noticed a wyvern
  2257 | D:3      | Killed nyan's ghost
  2257 | D:3      | Reached XP level 5. HP: 10/47 MP: 4/4
  2666 | D:3      | Reached skill level 5 in Armour
  2917 | D:3      | Noticed Grinder
  2928 | D:3      | Paralysed by Grinder for 5 turns
  2930 | D:3      | HP: 1/47 [Grinder (3)]
  2930 | D:3      | Slain by Grinder

Skill      XL: |  1  2  3  4  5 |
---------------+----------------+-----
Armour         | 4 5 |  5.0
Shields        | 4 5 |  5.4
Fighting       | 4 |  4.7
Dodging        | 1 2 |  2.0
Axes           | 3 |  3.0
Throwing       | |  0.4
Evocations     | |  0.3

Action                   |  1- 3 |  4- 6 || total
-------------------------+-------+-------++-------
Melee: War axe           |   218 |    93 ||   311
       Headbutt          |    57 |    11 ||    68
Throw: Javelin           |     6 |     4 ||    10
Evoke: Deck              |       |     8 ||     8
  Eat: Chunk             |     3 |       ||     3
       Meat ration       |     1 |       ||     1
Armor: Scale mail        |    42 |    43 ||    85
Dodge: Dodged            |    37 |    31 ||    68
Block: Shield            |    71 |    75 ||   146
